 Dungeon Crawl Stone Soup version 0.29.1-12-g30fa7ad0bf (webtiles) character file.

Game seed: 13901419797648786083

86 KittyFluff the Cudgeller (level 4, 0/29 HPs)
             Began as a Gargoyle Berserker on Jan 13, 2023.
             Was a Believer of Trog.
             Killed from afar by an orc wizard (4 damage)
             ... with a magic dart
             ... on level 3 of the Dungeon.
             The game lasted 00:06:47 (1495 turns).

KittyFluff the Cudgeller (Gargoyle Berserker)       Turns: 1495, Time: 00:06:48

Health: 0/29       AC: 10    Str: 20    XL:     4   Next: 50%
Magic:  4/4        EV: 11    Int:  8    God:    Trog [**....]
Gold:   164        SH:  4    Dex: 11    Spells: 3/3 levels left

rFire   . . .      SeeInvis .   h - +0 flail
rCold   . . .      Faith    .   c - +1 buckler {AC+3}
rNeg    + . .      Spirit   .   i - +0 leather armour
rPois   ∞          Reflect  .   (no helmet)
rElec   +          Harm     .   (no cloak)
rCorr   .          Rampage  .   (no gloves)
Will    .....                   (no boots)
Stlth   +.........              (no amulet)
HPRegen 0.09/turn               (no ring)
MPRegen 0.09/turn               (no ring)

@: no status effects
A: sickness immunity, AC +3, negative energy resistance 1, electricity
resistance, torment resistance 1, petrification resistance
a: Renounce Religion, Berserk, Trog's Hand


You were on level 3 of the Dungeon.
You worshipped Trog.
Trog was pleased with you.
You visited 1 branch of the dungeon, and saw 3 of its levels.

You collected 164 gold pieces.

Inventory:

Hand Weapons
 a - a +0 mace
 h - a +0 flail (weapon)
Missiles
 j - 24 stones (quivered)
Armour
 b - a +0 animal skin
 c - a +1 buckler of protection (worn)
 d - a +0 ring mail
 i - a +0 leather armour (worn)
 n - a +0 scale mail
Wands
 s - a wand of paralysis (1)
Scrolls
 e - 2 scrolls of butterflies {unknown}
 g - a scroll of summoning {unknown}
 k - a scroll of enchant armour {unknown}
 m - a scroll of noise {unknown}
 p - 2 scrolls of teleportation {unknown}
 r - 2 scrolls of identify {unknown}
Potions
 f - a potion of degeneration {unknown}
 l - a potion of heal wounds {unknown}
 o - a potion of curing {unknown}
 q - a potion of ambrosia {unknown}


   Skills:
 + Level 3.7 Fighting
 * Level 3.8 Maces & Flails
 * Level 3.3 Armour
 + Level 2.0 Dodging
 + Level 1.0 Shields


You had 3 spell levels left.
You didn't know any spells.
Your spell library was empty.

Dungeon Overview and Level Annotations

Branches:
Dungeon (3/15)

Altars:

Shops:
D:1 (


Innate Abilities, Weirdness & Mutations

You are immune to sickness and miasma.
Your stone body is resilient. (AC +3)
You are immune to poison.
You resist negative energy. (rN+)
You are resistant to electric shocks. (rElec)
You are resistant to unholy torment.
You are immune to petrification.


Message History

The orc wizard hits you but does no damage.
The orc hits you with a +0 falchion.
You miss something. The orc wizard casts a spell at you.
The magic dart hits you but does no damage.
The orc hits you with a +0 falchion. Something hits you but does no damage.
You miss something.
The orc wizard hits you with a +1 dagger of electrocution.
The orc hits you with a +0 falchion.
* * * LOW HITPOINT WARNING * * *
Something hits you.
* * * LOW HITPOINT WARNING * * *
You closely miss something.
The orc wizard hits you but does no damage.
The orc barely misses you.
Something hits you but does no damage. x2
The orc wizard misses you. The orc closely misses you.
You are too confused!
You closely miss the orc.
The orc is moderately wounded.
The orc wizard barely misses you. The orc closely misses you.
You hear some strange, mumbled words.
A puff of flame appears from out of thin air!
The puff of flame hits you.
* * * LOW HITPOINT WARNING * * *
You are too confused!
Unknown command.
You hit the orc wizard.
The orc wizard is lightly wounded.
You feel less confused.
The orc wizard hits you but does no damage.
The orc barely misses you. Something hits you but does no damage.
You barely miss the orc wizard.
The orc wizard is lightly wounded.
The orc wizard hits you with a +1 dagger of electrocution.
* * * LOW HITPOINT WARNING * * *
You block the orc's attack.
You hear some strange, mumbled words.
A magic dart appears from out of thin air!
The magic dart hits you.
You die...

...............
...............
.............##
...###...##.##
... #...##.###
.# #.........
##...#.###
#.#.####...# ..
......{@...# ##
......oo...#
#.######.#.#
#.#.# #.#.#
#####


You could see an orc wizard and an orc.

Vanquished Creatures
  Ijyb (D:2)
  An adder (D:2)
  A gnoll (D:1)
  A worm (D:2)
  A dart slug (D:2)
  An endoplasm (D:2)
  4 giant cockroaches
  2 goblins (D:2)
  5 hobgoblins
  3 quokkas (D:1)
  5 ball pythons (D:1)
  5 bats
  2 frilled lizards
  3 kobolds
  3 rats
38 creatures vanquished.

Notes
Turn   | Place    | Note
-------+----------+-------------------------------------------
     0 | D:1      | KittyFluff the Gargoyle Berserker began the quest for the
                  | Orb.
     0 | D:1      | Reached XP level 1. HP: 14/14 MP: 1/1
   146 | D:1      | Reached XP level 2. HP: 19/19 MP: 2/2
   323 | D:1      | Reached XP level 3. HP: 22/23 MP: 3/3
   444 | D:1      | Found Misokois's Weapon Boutique.
  1178 | D:2      | Reached XP level 4. HP: 27/28 MP: 4/4
  1212 | D:2      | Reached ** piety under Trog
  1320 | D:3      | Noticed Ijyb
  1322 | D:3      | Paralysed by Ijyb for 2 turns
  1325 | D:3      | Paralysed by Ijyb for 3 turns
  1333 | D:3      | Paralysed by Ijyb for 5 turns
  1344 | D:2      | Paralysed by Ijyb for 3 turns
  1350 | D:2      | Killed Ijyb
  1351 | D:2      | Reached skill level 1 in Shields
  1495 | D:3      | Killed from afar by an orc wizard

Illustrated notes

Levels and vault maps discovered:
D:1:      tarquinn_simple_flora_water_f, layout_rooms, serial_shops,
          shop_fountains
D:2:      layout_basic
D:3:      layout_basic, uniq_ijyb

Skill      XL: |  1  2  3  4 |
---------------+-------------+-----
Armour         | 3 |  3.3
Dodging        | 2 |  2.0
Shields        | 1 |  1.0
Fighting       | |  3.7
Maces & Flails | |  3.8

Action                   |  1- 3 |  4- 6 || total
-------------------------+-------+-------++-------
Melee: Mace              |    40 |       ||    40
       Flail             |    66 |    32 ||    98
Invok: Berserk           |     1 |       ||     1
Armor: Animal skin       |    16 |       ||    16
       Leather armour    |    27 |    32 ||    59
Dodge: Dodged            |    61 |    17 ||    78
Block: Buckler           |    17 |     4 ||    21
